 Dungeon Crawl Stone Soup version 0.27-a0-681-g0c81a3c1c3 (webtiles) character file.

Game seed: 4666459909506788713

1720 jasper the Martial Artist (level 9, -14/47 HPs)
             Began as a Vine Stalker Transmuter on Mar 19, 2021.
             Was a Follower of Cheibriados.
             Demolished by an orc warrior
             ... wielding a +0 halberd
              (16 damage)
             ... on level 6 of the Dungeon.
             The game lasted 00:11:04 (5982 turns).

jasper the Martial Artist (Vine Stalker Transmuter) Turns: 5982, Time: 00:11:04

Health: -14/47     AC:  9    Str: 15    XL:     9   Next: 4%
Magic:  0/13       EV: 12    Int: 18    God:    Cheibriados [*.....]
Gold:   196        SH:  5    Dex: 17    Spells: 4/12 levels left

rFire    + . .     SeeInvis +     - Unarmed
rCold    . . .     Faith    .   j - +0 buckler
rNeg     . . .     Spirit   +   n - +1 robe {rF+}
rPois    +         Reflect  .   t - +2 helmet
rElec    .         Harm     .   r - +0 cloak
rCorr    .         Rampage  .   g - +0 pair of gloves of the Inquisitive Hells {rPois SInv}
Will     +....                  s - +0 pair of boots
Stlth    ++........             (no amulet)
HPRegen  1.15/turn              (no ring)
MPRegen  0.13/turn              (no ring)

@: studying Polearms, very slow
A: fangs 3, regeneration 1, magic shield, antimagic bite, no potion heal 3
a: Renounce Religion, Bend Time


You were on level 6 of the Dungeon.
You worshipped Cheibriados.
Cheibriados was aware of your devotion.
You visited 2 branches of the dungeon, and saw 7 of its levels.

You collected 304 gold pieces.
You spent 108 gold pieces at shops.

Inventory:

Missiles
 o - a poisoned dart (quivered)
 p - 8 boomerangs
Armour
 a - a +0 robe
 b - a +0 leather armour
 e - a +0 scale mail
 g - the +0 pair of gloves of the Inquisitive Hells (worn) {rPois SInv}
   (You found it on level 4 of the Dungeon)

   It protects you from poison.
   It lets you see invisible.
 j - a +0 buckler (worn)
 n - a +1 robe of fire resistance (worn)
 r - a +0 cloak (worn)
 s - a +0 pair of boots (worn)
 t - a +2 helmet (worn)
Jewellery
 k - a ring of flight
Scrolls
 f - 2 scrolls of holy word
 i - a scroll of brand weapon
Potions
 c - 2 potions of heal wounds
 d - a potion of flight
 h - a potion of mutation
 m - 2 potions of cancellation
 q - 3 potions of curing
 x - 2 potions of haste {unknown}
 z - 2 potions of degeneration {unknown}


   Skills:
 + Level 5.0 Fighting
 + Level 2.3 Dodging
 - Level 4.4 Shields
 * Level 8.5 Unarmed Combat
 - Level 2.1 Spellcasting
 - Level 2.0 Transmutations
 + Level 0.8 Invocations


You had 4 spell levels left.
You knew the following spells:

 Your Spells              Type           Power      Damage    Failure   Level
a - Beastly Appendage     Tmut           18%        N/A       8%          1
b - Wereblood             Tmut           9%         N/A       12%         2
c - Blade Hands           Tmut           4%         N/A       91%         5

Your spell library contained the following spells:

 Spells                   Type           Power      Damage    Failure   Level
 Spider Form              Tmut/Pois      2%         N/A       34%         3
 Ice Form                 Ice/Tmut       5%         N/A       75%         4


Dungeon Overview and Level Annotations

Branches:
Dungeon (6/15)             Temple (1/1) D:4

Altars:
Ashenzari
Cheibriados
Dithmenos
Elyvilon
Gozag
Makhleb
Nemelex Xobeh
Okawaru
Qazlal
Ru
Sif Muna
Trog
Uskayaw
Vehumet
Wu Jian
Xom
Yredelemnul
Zin
The Shining One

Shops:
D:3 [


Innate Abilities, Weirdness & Mutations

You have razor-sharp teeth.
Your natural rate of healing is unusually fast.
When hurt, damage is shared between your health and your magic reserves.
Your bite disrupts and absorbs the magic of your enemies.
Potions cannot restore your health.


Message History

The orc warrior is moderately wounded.
You block the orc warrior's attack.
You hit the orc warrior but do no damage.
You bite the orc warrior. You drain its power.
You feel invigorated.
The orc warrior is moderately wounded.
The orc warrior hits you with a +0 halberd!
* * * LOW HITPOINT WARNING * * *
You hear a shout!
You take 9 damage, and have 11/47 hp.
Okay, then.
You aren't carrying any items that you can evoke.
Okay, then.
You closely miss the orc warrior. You bite the orc warrior.
You drain its power.
You feel invigorated.
The orc warrior is moderately wounded.
You block the orc warrior's attack.
You completely miss the orc warrior.
You bite the orc warrior, but do no damage.
The orc warrior is moderately wounded.
An orc comes into view. It is wielding a +0 short sword.
The orc warrior barely misses you.
You punch the orc!
You kill the orc!
Cheibriados appreciates the change of pace.
You hit the orc warrior but do no damage.
Your bite misses the orc warrior.
The orc warrior is moderately wounded.
The orc warrior hits you with a +0 halberd!
* * * LOW HITPOINT WARNING * * *
You take 9 damage, and have 5/47 hp.
You now have 2/13 mp.
As you read the scroll labelled KUIJEMNUOL, it crumbles to dust.
It is a scroll of enchant weapon.
You aren't carrying any weapons that can be enchanted.
The orc warrior hits you with a +0 halberd!
* * * LOW HITPOINT WARNING * * *
You take 4 damage, and have 1/47 hp.
You now have 0/13 mp.
This is a scroll of acquirement!
Something appears at your feet!
The orc warrior hits you with a +0 halberd!
You die...

##### ###.#.#
....(# #...#
#(..#######
#..@o.(((..
######.)######..
#............#
#....†....##..
#.............
#######.....#..
.....#.....# .
...#.....#
#####.#...#.#


You could see an orc warrior.

Vanquished Creatures
  Sigmund (D:3)
  Menkaure (D:4)
  3 black bears
  Purgy (D:3)
  An ogre (D:5)
  3 centaurs
  A phantom (D:4)
  A scorpion (D:6)
  A howler monkey (D:5)
  A jelly (D:5)
  A hound (D:4)
  2 orc priests
  2 centaur skeletons
  6 worker ants
  An orc wizard (D:4)
  A hound skeleton (D:4)
  Robin (D:3)
  10 adders
  A shadow imp (D:4)
  3 white imps
  2 ufetubi
  An ooze (D:1)
  A worm (D:2)
  A dart slug (D:1)
  4 leopard geckos
  10 orcs
  7 bats
  7 giant cockroaches
  11 goblins
  9 hobgoblins
  2 jackals (D:1)
  A quokka (D:2)
  5 ball pythons
  9 frilled lizards
  7 kobolds
  A leopard gecko skeleton (D:4)
  4 rats
124 creatures vanquished.

Notes
Turn   | Place    | Note
-------+----------+-------------------------------------------
     0 | D:1      | jasper the Vine Stalker Transmuter began the quest for the
                  | Orb.
     0 | D:1      | Reached XP level 1. HP: 9/9 MP: 4/4
    58 | D:1      | Reached skill level 1 in Fighting
   105 | D:1      | Reached XP level 2. HP: 8/14 MP: 4/6
   592 | D:1      | Reached XP level 3. HP: 6/18 MP: 3/7
  1212 | D:2      | Reached skill level 4 in Unarmed Combat
  1212 | D:2      | Gained mutation: Your natural rate of healing is unusually
                  | fast. [Vine Stalker growth]
  1212 | D:2      | Reached XP level 4. HP: 23/23 MP: 5/8
  1948 | D:3      | Found a glowing golden altar of the Shining One.
  1991 | D:3      | Found a sacrificial altar of Ru.
  2022 | D:3      | Noticed Robin
  2171 | D:3      | Noticed Sigmund
  2291 | D:3      | Killed Sigmund
  2292 | D:3      | Reached skill level 1 in Shields
  2292 | D:3      | Reached skill level 5 in Unarmed Combat
  2292 | D:3      | Reached XP level 5. HP: 18/27 MP: 5/9
  2292 | D:3      | Reached XP level 6. HP: 22/32 MP: 5/10
  2335 | D:3      | Learned a level 2 spell: Wereblood
  2341 | D:3      | Learned a level 5 spell: Blade Hands
  2513 | D:3      | Found Kipsagi's Armour Boutique.
  2521 | D:3      | Bought a +0 cloak for 54 gold pieces
  2521 | D:3      | Bought a +0 pair of boots for 54 gold pieces
  2540 | D:3      | Noticed Purgy
  2554 | D:3      | Killed Robin
  2585 | D:3      | Killed Purgy
  3113 | D:4      | Reached XP level 7. HP: 34/36 MP: 8/11
  3147 | D:4      | Reached skill level 6 in Unarmed Combat
  3257 | D:4      | Noticed Menkaure
  3261 | D:4      | Killed Menkaure
  3374 | D:4      | Identified the +0 pair of gloves of the Inquisitive Hells
                  | {rPois SInv}
  3654 | D:4      | Found a staircase to the Ecumenical Temple.
  3661 | Temple   | Entered the Ecumenical Temple
  3903 | Temple   | Became a worshipper of Cheibriados the Contemplative
  4360 | D:5      | Entered Level 5 of the Dungeon
  4519 | D:5      | Found a broken altar of Ashenzari.
  4863 | D:5      | Reached skill level 7 in Unarmed Combat
  4863 | D:5      | Gained mutation: You have razor-sharp teeth. [Vine Stalker
                  | growth]
  4863 | D:5      | Reached XP level 8. HP: 35/42 MP: 8/12
  5024 | D:5      | Reached * piety under Cheibriados
  5350 | D:5      | HP: 1/42 [acid (9)]
  5675 | D:6      | Reached skill level 8 in Unarmed Combat
  5910 | D:6      | Reached skill level 5 in Fighting
  5910 | D:6      | Reached XP level 9. HP: 47/47 MP: 13/13
  5981 | D:6      | HP: 1/47 [orc warrior/+0 halberd (5)]
  5982 | D:6      | Identified a scroll of acquirement
  5982 | D:6      | Acquired the ring "Vioh Ane" {rN+ Slay+4 SInv}
  5982 | D:6      | Demolished by an orc warrior

Illustrated notes

Levels and vault maps discovered:
D:1:      nicolae_arrival_somewhat_less_tricky_arrival, layout_rooms
D:2:      layout_loops_ring
D:3:      layout_rooms, nicolae_ru_sacrificial_ziggurat, general_overflow_altar,
          serial_shops, shop, uniq_purgy, uniq_sigmund, uniq_robin
D:4:      layout_loops_corners, minmay_temple_entry_purple_smoke, uniq_menkaure
D:5:      layout_rooms, nicolae_ashenzari_panopticon
D:6:      layout_basic, grunt_decor_arrowhead, uniq_edmund
Temple:   eino_temple_scatter_basement

Skill      XL: |  1  2  3  4  5  6  7  8 |
---------------+-------------------------+-----
Fighting       | 1 2 3 4 5 |  5.0
Dodging        | 2 |  2.3
Unarmed Combat | 4 5 7 8 |  8.5
Shields        | 1 2 3 4 |  4.4
Spellcasting   | |  2.1
Transmutations | |  2.0
Invocations    | |  0.8

Action                   |  1- 3 |  4- 6 |  7- 9 || total
-------------------------+-------+-------+-------++-------
Melee: Unarmed           |    88 |   146 |   168 ||   402
       Bite              |    16 |    26 |    61 ||   103
       Kick              |    11 |     6 |       ||    17
       Headbutt          |     7 |     3 |       ||    10
       Punch             |     1 |       |       ||     1
Throw: Dart              |       |    29 |    70 ||    99
       Throwing net      |       |       |     1 ||     1
 Cast: Beastly Appendage |    15 |     3 |       ||    18
Evoke: Wand              |       |     4 |     4 ||     8
  Use: Scroll            |       |       |    14 ||    14
Armor: Robe              |     1 |    18 |    48 ||    67
       Scale mail        |    29 |    22 |       ||    51
       Leather armour    |     2 |       |       ||     2
Dodge: Dodged            |    47 |    85 |    82 ||   214
Block: Buckler           |       |    24 |    52 ||    76

Table legend: (Time is in decaauts)
 A = Elapsed time spent in this place.
 B = Non-inter-level travel time spent in this place.
 C = Inter-level travel time spent in this place.
 D = Time resting spent in this place.
 E = Time spent auto-exploring this place.
 F = Levels seen in this place.
 G = Mean time per level.
                   A        B        C        D        E       F      G
               +--------+--------+--------+--------+--------+-----+--------+
         Total |   6419 |   5946 |    473 |    443 |   4209 |   7 |  917.0 |
       Dungeon |   6148 |   5732 |    416 |    443 |   4000 |   6 | 1024.7 |
        Temple |    270 |    214 |     56 |      0 |    209 |   1 |  270.0 |
               +--------+--------+--------+--------+--------+-----+--------+

Top non-repeatable levels by time:
     D:4: 1446 daAuts
     D:5: 1311 daAuts
     D:2: 1211 daAuts
     D:3: 903 daAuts
     D:1: 856 daAuts
     D:6: 420 daAuts
  Temple: 270 daAuts
